 Dungeon Crawl Stone Soup version 0.17-a0-2231-gd80ca38 (webtiles) character file.

2334 M4edhros the Covert (level 9, 0/47 HPs)
             Began as an Octopode Artificer on Oct 29, 2015.
             Was a Believer of Ashenzari.
             Slain by a hippogriff (3 damage)
             ... on level 9 of the Dungeon.
             The game lasted 00:15:31 (7576 turns).

M4edhros the Covert (Octopode Artificer)            Turns: 7576, Time: 00:15:32

Health: 0/47       AC:  1    Str:  7 (15) XL:     9   Next: 42%
Magic:  14/14      EV: 13    Int: 10 (12) God:    Ashenzari [**....]
Gold:   442        SH:  0    Dex: 15      Spells: 1 memorised, 7 levels left

rFire  . . .     SeeInvis +     F - +10 dagger of Gej Men {drain, rN+ Str+2 Int-2 SInv}
rCold  + . .     Clarity  .     (no shield)
rNeg   + + .     SustAt   .     (helmet restricted)
rPois  .         Gourm    .     C - amulet of warding
rElec  .         Spirit   .     h - ring of protection from fire (curse)
rCorr  .         Warding  +     j - ring of wizardry (curse)
rMut   .         Stasis   .     H - ring of stealth (curse)
MR     .....                    J - ring of ice
Stlth  +++++++++.               m - ring of stealth (curse)
                                i - ring of flight
                                (no ring)
                                (no ring)

@: not resistant to hostile enchantments, incredibly stealthy
A: almost no armour, amphibious, 8 rings, constrict 8, tentacle spike 2,
camouflage 1, deterioration 1, frail 1, sense surroundings 1, strong 1,
gelatinous body 1
a: Scrying, Renounce Religion, Evoke Flight


You were on level 9 of the Dungeon.
You worshipped Ashenzari.
Ashenzari was pleased with you.
You were not hungry.

You visited 1 branch of the dungeon, and saw 9 of its levels.

You collected 442 gold pieces.

Inventory:

Hand Weapons
 a - a +0 short sword
 x - a +0 spear of venom
 F - the +10 dagger of Gej Men (weapon) {drain, rN+ Str+2 Int-2 SInv}
   (You found it on level 4 of the Dungeon)

   A truly terrible weapon, it drains the life of those it strikes.
   It affects your strength (+2).
   It affects your intelligence (-2).
   It protects you from negative energy.
   It lets you see invisible.
Jewellery
 h - a cursed ring of protection from fire (left tentacle)
 i - a ring of flight (on tentacle)
 j - a cursed ring of wizardry (right tentacle)
 m - a cursed ring of stealth (on tentacle)
 C - an amulet of warding (around mantle)
 H - a cursed ring of stealth (on tentacle)
 J - a ring of ice (on tentacle)
Wands
 c - a wand of enslavement (11)
 d - a wand of random effects (10)
 N - a wand of draining (2)
 O - a wand of lightning (3)
Scrolls
 b - 11 scrolls of curse jewellery
 g - a scroll of blinking {unknown}
 n - 3 scrolls of magic mapping
 u - 3 scrolls of teleportation
 v - a scroll of enchant weapon
 w - 2 scrolls of enchant armour
 y - a scroll of amnesia {unknown}
 B - a scroll of recharging
 D - 7 scrolls of curse weapon
 E - 5 scrolls of curse armour
 M - a scroll of immolation {unknown}
 Q - a scroll of fog
Potions
 f - a potion of curing {unknown}
 l - a potion of haste
 z - a potion of lignification
 A - 3 potions of agility
 I - a potion of flight
Books
 p - a book of Transfigurations

   Spells                             Type                      Level
   a - Stoneskin                      Transmutation/Earth          2
   b - Irradiate                      Conjuration/Transmutation    5
   c - Statue Form                    Transmutation/Earth          6
   d - Hydra Form                     Transmutation                6
   e - Dragon Form                    Transmutation                7
 K - a book of Death

   Spells                             Type                      Level
   a - Corpse Rot                     Necromancy                   2
   b - Sublimation of Blood           Necromancy                   2
   c - Agony                          Necromancy                   5
   d - Dispel Undead                  Necromancy                   5
   e - Excruciating Wounds            Charms/Necromancy            5
   f - Bolt of Draining               Conjuration/Necromancy       5
 L - a book of Cantrips

   Spells                             Type                      Level
   a - Corona                         Hexes                        1
   b - Animate Skeleton               Necromancy                   1
   c - Summon Small Mammal            Summoning                    1
   d - Apportation                    Translocation                1
Comestibles
 e - 9 bread rations
 k - 3 beef jerkies
 o - a meat ration
 s - a fruit


   Skills:
 + Level 1.1 Fighting
 + Level 4.7 Short Blades
 - Level 2.8 Polearms
 + Level 2.4 Dodging
 * Level 11.9 Stealth
 * Level 0.5 Spellcasting
 * Level 1.4 Transmutations
 * Level 1.4 Earth Magic
 + Level 7.3 Evocations


You had 7 spell levels left.
You knew the following spells:

 Your Spells              Type           Power        Failure   Level  Hunger
a - Stoneskin             Trmt/Erth      #.......     12%         2    ###....


Dungeon Overview and Level Annotations

Branches:
Dungeon (9/15)             Temple (0/1) D:7            Lair (0/8) D:8
    Orc: D:9-12

Altars:
Ashenzari
Dithmenos
Fedhas
Gozag
Qazlal
Ru
Trog

Shops:
D:7 }[   D:8 *

Annotations:
D:5 Gruud's ghost, novice DsTm
D:6 exclusion: oklob plant


Innate Abilities, Weirdness & Mutations

You cannot wear most types of armour.
You are amphibious.
You can wear up to eight rings at the same time.
You can use your tentacles to constrict eight enemies at once.
Your skin changes colour to match your surroundings (Stealth).
Your rubbery body absorbs attacks (AC +1).
One of your tentacles bears a nasty spike.
Your body sometimes deteriorates upon taking damage.
You are frail (-10% HP).
You passively map a small area around you.
Your muscles are strong. (Str +2)


Message History

You closely miss the hippogriff.
You squeeze the hippogriff, but do no damage.
The hippogriff is lightly wounded.
The hippogriff bites you!
* * * LOW HITPOINT WARNING * * *
The hippogriff pecks you but does no damage.
The hippogriff claws you.
* * * LOW HITPOINT WARNING * * *
Evoke which item? (* to show all) (? for menu, Esc to quit)
Zapping:
N - a wand of draining (3)
Press: ? - help, Shift-Dir - straight line, f - hippogriff
Aim: a hippogriff (lightly wounded, lightly drained)
The bolt of negative energy hits the hippogriff.
The hippogriff is drained!
The hippogriff is heavily wounded.
This wand has 2 charges left.
The hippogriff bites you.
* * * LOW HITPOINT WARNING * * *
Your body deteriorates!
You feel dopey. The hippogriff pecks you.
You die...

...............
............../...
≈ ,
..................
..................
,
........(.........
, ,
..................
..................*
..........<.......
*
......H@..........
*
..................
*#############.....
, , ..###* * .# # *
* *


You could see a hippogriff.

Vanquished Creatures
  Grinder (D:3)
  Sigmund (D:3)
  Menkaure (D:5)
  A sky beast (D:7)
  A phantom (D:8)
  4 ogres
  2 giant frogs
  4 killer bees (D:8)
  A scorpion (D:9)
  3 crimson imps
  2 hounds
  2 jellies
  An orc priest (D:8)
  Crazy Yiuf (D:4)
  A giant frog zombie (D:8)
  An orc wizard (D:3)
  A centaur skeleton (D:7)
  A giant frog skeleton (D:4)
  A gnoll shaman (D:8)
  An iguana (D:6)
  A killer bee zombie (D:8)
  5 worker ants
  A hound zombie (D:6)
  A hound skeleton (D:7)
  11 adders
  13 gnolls
  A shadow imp (D:5)
  An ooze (D:3)
  2 adder skeletons
  A worm (D:5)
  8 giant geckos
  21 orcs
  2 giant cockroaches
  10 hobgoblins
  7 kobolds
  4 quokkas
  3 ball pythons
  9 bats
  16 giant newts
  11 goblins
  2 jackals (D:4)
  A quokka skeleton (D:3)
  7 rats
169 creatures vanquished.

Vanquished Creatures (collateral kills)
  The ghost of M4edhros the Sneak, an amateur OpAr (D:3)
1 creature vanquished.

Vanquished Creatures (others)
  A killer bee (D:8)
  19 toadstools (D:6)
20 creatures vanquished.

Grand Total: 190 creatures vanquished

Notes
Turn   | Place    | Note
--------------------------------------------------------------
     0 | D:1      | M4edhros the Octopode Artificer began the quest for the Orb.
     0 | D:1      | Reached XP level 1. HP: 13/13 MP: 3/3
   214 | D:2      | Reached XP level 2. HP: 18/18 MP: 4/4
   227 | D:2      | Found a shattered altar of Ashenzari.
   476 | D:2      | Became a worshipper of Ashenzari the Shackled
   539 | D:2      | Reached XP level 3. HP: 15/23 MP: 5/5
   838 | D:1      | Reached skill level 4 in Stealth
  1330 | D:2      | Reached XP level 4. HP: 23/28 MP: 5/7
  1982 | D:3      | Noticed Sigmund
  1993 | D:3      | HP: 1/28 [Sigmund/scythe (14)]
  1994 | D:3      | Killed Sigmund
  1994 | D:3      | Reached skill level 1 in Polearms
  1994 | D:3      | Reached skill level 6 in Stealth
  1994 | D:3      | Reached XP level 5. HP: 1/33 MP: 8/8
  2211 | D:3      | Reached XP level 6. HP: 28/38 MP: 9/9
  2282 | D:3      | Noticed Grinder
  2283 | D:3      | Found a stormy altar of Qazlal.
  2285 | D:3      | Noticed M4edhros's ghost (amateur OpAr)
  2296 | D:3      | Killed M4edhros's ghost
  2319 | D:3      | Killed Grinder
  2319 | D:3      | Reached skill level 7 in Stealth
  2524 | D:3      | Noticed a fire elemental
  2527 | D:3      | Noticed an air elemental
  2527 | D:3      | Noticed a water elemental
  2527 | D:3      | Noticed an earth elemental
  2531 | D:3      | Reached skill level 5 in Evocations
  2779 | D:3      | Reached XP level 7. HP: 41/43 MP: 10/10
  2992 | D:4      | Got the dagger of Gej Men {drain, rN+ Str+2 Int-2 SInv}
  2993 | D:4      | Identified the +10 dagger of Gej Men {drain, rN+ Str+2 Int-2 SInv} (You found it on level 4 of the Dungeon)
  3070 | D:4      | Reached skill level 8 in Stealth
  3137 | D:4      | Found an opulent altar of Gozag.
  3213 | D:4      | Reached * piety under Ashenzari
  3240 | D:4      | Noticed Crazy Yiuf
  3245 | D:4      | Killed Crazy Yiuf
  3510 | D:5      | Entered Level 5 of the Dungeon
  3668 | D:5      | Noticed Gruud's ghost (novice DsTm)
  3998 | D:5      | Noticed Menkaure
  4002 | D:5      | Killed Menkaure
  4002 | D:5      | Reached skill level 9 in Stealth
  4002 | D:5      | Reached XP level 8. HP: 45/48 MP: 12/12
  4050 | D:5      | Found a shadowy altar of Dithmenos.
  4113 | D:5      | Found a bloodstained altar of Trog.
  4971 | D:6      | Found a sacrificial altar of Ru.
  4997 | D:6      | Reached skill level 10 in Stealth
  5060 | D:6      | Found a blossoming altar of Fedhas.
  5069 | D:6      | Noticed an oklob plant
  5420 | D:7      | Found Vokkug's Antique Armour Boutique.
  5531 | D:7      | Found Luzir's Gadget Shoppe.
  5549 | D:7      | Gained mutation: You passively map a small area around you. [mutagenic meat]
  5550 | D:7      | Gained mutation: Your body sometimes deteriorates upon taking damage. [mutagenic meat]
  5551 | D:7      | Gained mutation: Your muscles are strong. (Str +2) [mutagenic meat]
  5552 | D:7      | Gained mutation: One of your tentacles bears a spike. [mutagenic meat]
  5553 | D:7      | Gained mutation: One of your tentacles bears a nasty spike. [mutagenic meat]
  5554 | D:7      | Gained mutation: You are frail (-10% HP). [mutagenic meat]
  5642 | D:7      | Reached skill level 11 in Stealth
  5751 | D:7      | Found a staircase to the Ecumenical Temple.
  5954 | D:8      | Reached XP level 9. HP: 14/47 MP: 14/14
  6434 | D:8      | Reached ** piety under Ashenzari
  6450 | D:8      | Learned a level 2 spell: Stoneskin
  6490 | D:8      | Found Edem's Assorted Antiques.
  6633 | D:8      | Found a staircase to the Lair.
  7190 | D:8      | Reached skill level 1 in Transmutations
  7218 | D:8      | Reached skill level 1 in Earth Magic
  7234 | D:8      | HP: 1/47 [gnoll/halberd (4)]
  7576 | D:9      | Slain by a hippogriff

Vault maps used:
D:1:      onia_arrival_pentagram, minmay_newt_pond
D:2:      nicolae_ashenzari_panopticon, first_bread
D:3:      nicolae_qazlal_style_of_elements, uniq_grinder, uniq_sigmund
D:4:      kennysheep_six_static_rooms, marbit_many_paths,
          uniq_crazy_yiuf_cottage
D:5:      nicolae_overflow_crystal_walls, grunt_dithmenos_smoke, uniq_menkaure
D:6:      tgw_fedhas, nicolae_ru_sacrificial_ziggurat,
          hangedman_decor_clover_reticule
D:7:      minmay_temple_entry_nine_rooms, serial_shops,
          nicolae_shop_overgrown_old_shop, shop
D:8:      lair_0_dummy, serial_shops, shop
D:9:      minitemple, erik_orc_2, minmay_misc_feat_tower, hangedman_ranch,
          uniq_erica

Action                   |  1- 3 |  4- 6 |  7- 9 || total
-------------------------+-------+-------+-------++-------
Melee: Short sword       |    76 |       |       ||    76
       Spear             |       |    66 |    20 ||    86
       Dagger            |       |       |   172 ||   172
Evoke: Wand              |       |    10 |    17 ||    27
  Use: Potion            |     2 |       |    13 ||    15
       Scroll            |       |       |    12 ||    12
 Stab: Sleeping          |     7 |    17 |    30 ||    54
  Eat: Chunk             |     1 |     4 |    17 ||    22
       Pizza             |       |       |     1 ||     1
       Beef jerky        |       |       |     2 ||     2
